 Dungeon Crawl Stone Soup version 0.25-a0-670-g50981ef59b (webtiles) character file.

Game seed: 9328371586996462423, levelgen mode: deterministic

579 MisterFreud the Nimble (level 7, -5/33 HPs)
             Began as a Felid Enchanter on Mar 29, 2020.
             Was a Follower of Uskayaw.
             Slain by a gnoll sergeant
             ... wielding a +0 halberd
              (16 damage)
             ... in a bailey.
             The game lasted 00:30:34 (8768 turns).

MisterFreud the Nimble (Felid Enchanter)            Turns: 8768, Time: 00:30:35

Health: -5/33      AC:  2    Str:  6    XL:     7   Next: 13%
Magic:  14/14      EV: 13    Int: 20    God:    Uskayaw [*.....]
Gold:   382        SH:  0    Dex: 21    Spells: 5/14 levels left
                                        Lives:  0   Deaths: 2

rFire    . . .     SeeInvis +     - Unarmed
rCold    . . .     Gourm    .   (shield unavailable)
rNeg     . . .     Faith    .   (armour unavailable)
rPois    .         Spirit   .   (helmet unavailable)
rElec    .         Reflect  .   (cloak unavailable)
rCorr    .         Harm     .   (gloves unavailable)
MR       +....                  (boots unavailable)
Stlth    ++++......             (no amulet)
HPRegen  0.11/turn              e - +5 ring of dexterity
MPRegen  0.14/turn              l - +3 ring of intelligence

@: held, quick
A: very small, no armour, no weapons or thrown items, stealth, claws 1, fangs 3,
see invisible, carnivore, speed 1, shaggy fur 2, slow metabolism 1, sharp paws
a: Stomp, Renounce Religion


You were in a bailey.
You worshipped Uskayaw.
Uskayaw was noncommittal.
You were not hungry.

You visited 2 branches of the dungeon, and saw 8 of its levels.
You also visited: Bailey.

You collected 382 gold pieces.

Inventory:

Jewellery
 e - a +5 ring of dexterity (left paw)
 l - a +3 ring of intelligence (right paw)
Wands
 o - a wand of acid (1)
Scrolls
 c - a scroll of amnesia
 f - 3 scrolls of teleportation
 g - a scroll of random uselessness
 h - a scroll of fog {unknown}
 m - a scroll of remove curse
 n - a scroll of silence {unknown}
 p - a scroll of vulnerability {unknown}
 r - a scroll of identify
Potions
 a - a potion of magic
 d - 4 potions of curing
 i - 2 potions of flight
 j - a potion of lignification {unknown}
 k - a potion of ambrosia
 q - a potion of berserk rage {unknown}
Comestibles
 b - 11 rations


   Skills:
 + Level 4.9 Fighting
 + Level 8.9 Dodging
 + Level 5.5 Stealth
 + Level 5.0 Unarmed Combat
 - Level 4.0 Spellcasting
 * Level 7.2 Hexes
 + Level 2.3 Invocations


You had 5 spell levels left.
You knew the following spells:

 Your Spells              Type           Power        Failure   Level  Hunger
a - Corona                Hex            ####...      1%          1    None
b - Ensorcelled Hibernat  Hex/Ice        ###...       4%          2    #......
c - Confusing Touch       Hex            ####....     1%          3    ###....
d - Tukima's Dance        Hex            ####....     1%          3    ###....

Your spell library contained the following spells:

 Spells                   Type           Power        Failure   Level  Hunger
 Slow                     Hex            ####....     1%          2    #......
 Dazzling Flash           Conj/Hex       ###...       9%          3    ###....
 Magic Dart               Conj           #...         13%         1    None
 Blink                    Tloc           N/A          19%         2    #......
 Call Imp                 Summ           #.......     19%         2    #......
 Conjure Flame            Conj/Fire      #.......     36%         3    ###....
 Mephitic Cloud           Conj/Pois/Air  #.......     36%         3    ###....


Dungeon Overview and Level Annotations

Branches:
Dungeon (7/15)             Temple (1/1) D:5          Bailey (1/1)

Altars:
Ashenzari
Cheibriados
Dithmenos
Elyvilon
Gozag
Makhleb
Nemelex Xobeh
Qazlal
Uskayaw
Vehumet
The Shining One

Annotations:
D:4 Robin


Innate Abilities, Weirdness & Mutations

You cannot wear armour.
You are incapable of wielding weapons or throwing items.
Your paws allow you to move quietly. (Stealth)
You have sharp claws.
You have razor-sharp teeth.
You have supernaturally acute eyesight. (SInv)
You are carnivorous and can eat meat at any time.
You cover ground quickly.
You are covered in thick fur. (AC +2)
You have a slow metabolism.
Your sharp claws are effective at attacking unaware monsters.


Message History

A gnoll shaman comes into view. It is wielding a +0 trident.
You feel a bit more experienced. 2 gnolls come into view.
The gnoll shouts! x2; You hear a shout!
The gnoll shaman shouts!
The gnoll throws a throwing net.
The throwing net hits you.
You become entangled in the net!
The gnoll shaman hits you from afar with a +0 trident!
You see here a throwing net.
You are held in a net!
You are held in a net!
Unknown command.
You struggle against the net.
The gnoll shaman closely misses you.
You struggle against the net.
The gnoll shaman misses you.
You struggle against the net.
The gnoll shaman hits you from afar with a +0 trident!
You struggle against the net.
The gnoll sergeant closely misses you. The gnoll shaman completely misses you.
You struggle against the net.
The gnoll sergeant hits you from afar with a +0 halberd!
You die...

♣≈..# ♣≈..# ####
♣≈..# ##...#
♣≈..##+###.....#####
♣≈......#...$.gg#...
♣≈..gg..'...8...'g..
♣≈...g..#...$.g.#...
♣≈.@# #.....#####
♣≈..# ##...# ♣≈..#
#### ♣≈..# ♣≈..##
♣≈...## ## ♣≈≈...#
#.
♣♣≈≈≈≈≈≈≈≈≈≈≈≈≈≈≈≈≈≈
♣♣♣♣♣♣♣♣♣♣♣♣♣♣♣♣♣♣♣


You could see a gnoll sergeant, a gnoll shaman and a gnoll.

Vanquished Creatures
  An orc warrior (D:6)
  An ice beast (D:5)
  3 ogres
  2 centaurs
  2 bullfrogs (D:6)
  A gnoll sergeant (Bailey)
  A scorpion (D:6)
  3 wights (D:6)
  2 crimson imps
  A centaur zombie (D:5)
  A jelly (D:7)
  6 hounds
  2 orc priests
  A centaur skeleton (D:4)
  2 orc wizards
  An iguana (D:6)
  Jessica (D:3)
  3 bullfrog skeletons
  3 worker ants
  A hound skeleton (D:5)
  14 gnolls
  7 adders
  6 river rats (D:5)
  A worm (D:3)
  4 leopard geckos
  21 orcs
  A ball python (D:3)
  5 bats
  2 giant cockroaches
  19 goblins
  7 hobgoblins
  8 jackals
  5 quokkas
  4 frilled lizards (D:1)
  9 kobolds
  8 rats
159 creatures vanquished.

Vanquished Creatures (collateral kills)
  2 gnolls (Bailey)
2 creatures vanquished.

Vanquished Creatures (others)
  2 dancing weapons (Bailey)
2 creatures vanquished.

Grand Total: 163 creatures vanquished

Notes
Turn   | Place    | Note
-------+----------+-------------------------------------------
     0 | D:1      | MisterFreud the Felid Enchanter began the quest for the
                  | Orb.
     0 | D:1      | Reached XP level 1. HP: 7/7 MP: 4/4
   147 | D:1      | Reached skill level 1 in Fighting
   538 | D:1      | Reached XP level 2. HP: 13/13 MP: 6/6
   542 | D:1      | Learned a level 2 spell: Ensorcelled Hibernation
  1617 | D:1      | Reached XP level 3. HP: 16/16 MP: 7/7
  2021 | D:2      | Found a burning altar of Makhleb.
  2284 | D:2      | Reached XP level 4. HP: 22/22 MP: 3/8
  2833 | D:3      | Found a shattered altar of Ashenzari.
  3180 | D:3      | Reached skill level 3 in Dodging
  3370 | D:3      | Found a shattered altar of Ashenzari.
  3372 | D:3      | Noticed Jessica
  3374 | D:3      | Killed Jessica
  3374 | D:3      | Reached XP level 5. HP: 25/25 MP: 9/9
  3599 | D:3      | Learned a level 3 spell: Confusing Touch
  3707 | D:4      | Reached skill level 4 in Dodging
  3956 | D:4      | Noticed Robin
  4456 | D:4      | Gained mutation: You are covered in thick fur. (AC +2)
                  | [Felid growth]
  4456 | D:4      | Reached XP level 6. HP: 22/28 MP: 10/10
  4689 | D:5      | Entered Level 5 of the Dungeon
  4796 | D:5      | Reached skill level 5 in Dodging
  4856 | D:5      | Found a staircase to the Ecumenical Temple.
  4875 | Temple   | Entered the Ecumenical Temple
  4949 | Temple   | Became a worshipper of Uskayaw the Reveler
  5070 | D:5      | Reached * piety under Uskayaw
  5135 | D:5      | Reached skill level 6 in Dodging
  5135 | D:5      | Reached ** piety under Uskayaw
  5177 | D:5      | Reached XP level 7. HP: 18/32 MP: 6/11
  5322 | D:5      | Found a white marble altar of Elyvilon.
  5329 | D:5      | Reached skill level 7 in Dodging
  5690 | D:5      | Reached skill level 8 in Dodging
  6372 | D:5      | Reached skill level 5 in Hexes
  6372 | D:5      | Reached XP level 8. HP: 36/36 MP: 2/12
  6603 | D:5      | Reached skill level 1 in Invocations
  6603 | D:5      | Reached *** piety under Uskayaw
  7626 | D:6      | Reached skill level 5 in Stealth
  7678 | D:6      | Noticed a two-headed ogre
  8275 | D:6      | HP: 1/36 [two-headed ogre/+0 giant club (15)]
  8281 | D:6      | Annihilated by a two-headed ogre
  8282 | D:6      | Reached XP level 7. HP: -23/33 MP: 8/13
  8404 | D:7      | Reached skill level 5 in Unarmed Combat
  8470 | D:7      | Found a flagged portal.
  8526 | Bailey   | Entered a bailey
  8538 | Bailey   | Learned a level 3 spell: Tukima's Dance
  8541 | Bailey   | Reached XP level 8. HP: 29/36 MP: 9/14
  8756 | Bailey   | Slain by a gnoll shaman
  8757 | Bailey   | Reached XP level 7. HP: -3/33 MP: 0/14
  8768 | Bailey   | Slain by a gnoll sergeant

Levels and vault maps discovered:
D:1:      dpeg_arrival_arbitrary_c, layout_basic
D:2:      layout_rooms, makhleb_heckhound_becter
D:3:      layout_basic, lemuel_crystal_altar, evilmike_ruin_ashenzari,
          uniq_jessica
D:4:      layout_loops_ring, first_ration, uniq_robin
D:5:      layout_rooms, minmay_temple_entry_slanted, portal_sewer_entry_e,
          basic_altar, minivault_5, minmay_misc_feat_room,
          hangedman_abyss_or_decor_passed
D:6:      layout_gridville
D:7:      layout_loops_cross, enter_bailey_3, uniq_joseph
Temple:   dpeg_five_rooms_temple
Bailey:   bailey_polearm_gnolls_kennysheep, bailey

Skill      XL: |  1  2  3  4  5  6  7  8 |
---------------+-------------------------+-----
Fighting       | 1 2 3 4 |  4.9
Dodging        | 3 4 6 8 |  8.9
Unarmed Combat | 3 4 5 |  5.0
Hexes          | 7 6 |  7.2
Invocations    | 2 |  2.3
Spellcasting   | 4 |  4.0
Stealth        | 5 |  5.5

Action                   |  1- 3 |  4- 6 |  7- 9 || total
-------------------------+-------+-------+-------++-------
Melee: Unarmed           |    86 |   182 |   240 ||   508
       Bite              |     6 |    25 |    20 ||    51
       Punch             |       |     1 |     2 ||     3
 Cast: Corona            |    15 |       |       ||    15
       Ensorcelled Hiber |    13 |    13 |    56 ||    82
       Confusing Touch   |       |     1 |    11 ||    12
       Tukima's Dance    |       |       |     6 ||     6
Evoke: Wand              |       |       |     1 ||     1
  Use: Scroll            |       |    10 |     2 ||    12
 Stab: Distracted        |     1 |     1 |       ||     2
       Sleeping          |    10 |    24 |    35 ||    69
       Confused          |       |       |    10 ||    10
       Paralysed         |       |       |     2 ||     2
  Eat: Chunk             |     9 |     8 |    15 ||    32
Armor: Skin              |    10 |     2 |     6 ||    18
Dodge: Dodged            |    81 |   148 |   243 ||   472

Table legend:
 A = Non-vault XP
 B = Vault XP
 C = Vault XP percentage of total XP
 D = Non-vault monster count
 E = Vault monster count
 F = Vault count percentage of total count
                 A         B        C        D         E       F
            +---------+---------+-------+---------+---------+-------
      Total |    2477 |     383 |  13.4 |     129 |      32 |  19.9
            +---------+---------+-------+---------+---------+-------
        D:1 |      37 |       0 |   0.0 |      18 |       0 |   0.0
        D:2 |      30 |      43 |  58.9 |      15 |       1 |   6.2
        D:3 |     104 |      43 |  29.3 |      28 |       4 |  12.5
        D:4 |     143 |      14 |   8.9 |       5 |       7 |  58.3
        D:5 |    1064 |      82 |   7.2 |      31 |       8 |  20.5
        D:6 |     996 |       0 |   0.0 |      21 |       0 |   0.0
        D:7 |     103 |       6 |   5.5 |      11 |       4 |  26.7
     Bailey |       0 |     195 | 100.0 |       0 |       8 | 100.0
            +---------+---------+-------+---------+---------+-------
